 Dungeon Crawl Stone Soup version 0.29.1-14-g9c671dbff4 (webtiles) character file.

Game seed: 10418813638905809969

2044 Wobber the Changer (level 9, -9/67 HPs)
             Began as a Demonspawn Transmuter on Feb 12, 2023.
             Was a Believer of Makhleb.
             Killed from afar by an acid dragon (26 damage)
             ... with a splash of acid
             ... on level 6 of the Dungeon.
             The game lasted 00:28:19 (8017 turns).

Wobber the Changer (Demonspawn Transmuter)          Turns: 8017, Time: 00:28:19

Health: -9/67      AC:  2    Str: 11    XL:     9   Next: 4%
Magic:  14/15      EV: 25    Int: 16    God:    Makhleb [**....]
Gold:   314        SH:  4    Dex: 21    Spells: 13/17 levels left

rFire   . . .      SeeInvis .     - Unarmed
rCold   + . .      Faith    .   (shield currently unavailable)
rNeg    . . .      Spirit   .   (body armour currently unavailable)
rPois   x          Reflect  .   (helmet currently unavailable)
rElec   .          Harm     .   (cloak currently unavailable)
rCorr   .          Rampage  .   (gloves currently unavailable)
Will    .....                   (boots currently unavailable)
Stlth   ++........              (no amulet)
HPRegen 0.21/turn               l - +4 ring of evasion
MPRegen 0.14/turn               x - ring of protection from cold

@: spider-form, corroded
A: venomous fangs, tiny, (yellow scales 2), demonic guardian 1, icemail 1,
condensation shield, (demonic touch 1)
a: End Transformation, Renounce Religion, Minor Destruction


You were on level 6 of the Dungeon.
You worshipped Makhleb.
Makhleb was pleased with you.
You were a venomous arachnid creature.
You visited 1 branch of the dungeon, and saw 7 of its levels.
You also visited: Sewer.

You collected 314 gold pieces.

Inventory:

Hand Weapons
 a - a +0 sling
 b - a +2 short sword of draining (melded)
 K - a +2 whip of venom
Missiles
 k - 6 curare-tipped darts
 m - 83 stones
 r - 16 poisoned darts
 u - 4 atropa-tipped darts
Armour
 j - a +0 cloak (melded)
 p - a +0 robe (melded)
 q - a +0 helmet (melded)
 z - a +0 pair of boots (melded)
 A - a +1 chain mail of willpower
Jewellery
 f - a ring of fire
 l - a +4 ring of evasion (left front leg)
 x - a ring of protection from cold (right front leg)
 F - a ring of see invisible
Wands
 c - a wand of light (20)
 v - a wand of paralysis (6)
 G - a wand of digging (5)
Scrolls
 d - a scroll of identify
 i - a scroll of fog {unknown}
 s - 4 scrolls of poison
 y - a scroll of torment {unknown}
 B - 2 scrolls of enchant armour {unknown}
 C - 2 scrolls of magic mapping
 H - a scroll of acquirement {unknown}
 J - 2 scrolls of blinking {unknown}
Potions
 e - 3 potions of haste
 g - 3 potions of flight
 h - a potion of lignification
 n - a potion of heal wounds
 o - a potion of might {unknown}
 t - 2 potions of attraction
 w - 2 potions of curing
 D - 2 potions of degeneration
 E - 4 potions of mutation
 I - a potion of experience {unknown}


   Skills:
 + Level 4.9 Fighting
 + Level 3.0 Dodging
 + Level 3.6 Unarmed Combat
 + Level 4.6 Spellcasting
 + Level 5.7 Transmutations
 + Level 5.4 Poison Magic
 * Level 4.1 Invocations


You had 13 spell levels left.
You knew the following spells:

 Your Spells              Type           Power      Damage    Failure   Level
a - Beastly Appendage     Tmut           42%        N/A       7%          1
b - Spider Form           Tmut/Pois      21%        N/A       14%         3

Your spell library contained the following spells:

 Spells                   Type           Power      Damage    Failure   Level
 Wereblood                Tmut           21%        N/A       9%          2
 Summon Small Mammal      Summ           12%        N/A       34%         1
 Alistair's Intoxication  Tmut/Pois      14%        N/A       63%         5
 Call Canine Familiar     Summ           3%         N/A       65%         3
 Summon Guardian Golem    Hex/Summ       3%         N/A       65%         3
 Ice Form                 Ice/Tmut       12%        N/A       65%         4
 Eringya's Noxious Bog    Tmut/Pois      10%        N/A       98%         6
 Borgnjor's Vile Clutch   Necr/Erth      1%         N/A       100%        5
 Iskenderun's Battlesphe  Conj           3%         2d6       100%        5
 Iron Shot                Conj/Erth      1%         9d1       100%        6
 Spellforged Servitor     Conj/Summ      1%         N/A       100%        7


Dungeon Overview and Level Annotations

Branches:
Dungeon (7/15)             Temple (0/1) D:5           Sewer (visited)

Altars:
Cheibriados
Hepliaklqana
Makhleb
Sif Muna
Trog
Uskayaw

Shops:
D:2 (


Innate Abilities, Weirdness & Mutations

You are a venomous arachnid creature.
You have poisonous fangs.
You are tiny and dextrous.
Your spellcasting is less reliable in this form.
Your armour is entirely melded.
You are incapable of wielding weapons or throwing items.
((You are mostly covered in yellow scales. (AC +3)))
A weak demonic guardian rushes to your aid.
A meltable icy envelope protects you from harm. (AC +4)
A meltable shield of frost defends you. (SH +4)
((Your touch may inflict minor irresistible damage on your foes.))


Message History

You turn into a venomous arachnid creature.
Your +2 short sword of draining melds into your body.
Your +0 cloak melds into your body.
Your +0 helmet melds into your body.
Your +0 pair of boots melds into your body.
Your +0 robe melds into your body.
The acid dragon closely misses you. The acid dragon claws you.
You barely miss the acid dragon. The acid dragon misses you.
The acid dragon completely misses you.
You hit the acid dragon.
The acid dragon is lightly wounded.
The acid dragon misses you. x2
You hit the acid dragon.
The acid dragon is lightly wounded.
The acid dragon barely misses you. The acid dragon completely misses you.
You hit the acid dragon.
The acid dragon is lightly wounded.
The acid dragon spits acid at you. The splash of acid hits you!!
A demonic guardian appears!
The acid corrodes you!
You hit the acid dragon but do no damage.
The acid dragon is lightly wounded.
The acid dragon attacks as you move away!
The acid dragon bites you. The acid dragon completely misses you.
Your iron imp hits the acid dragon.
The acid dragon attacks as you move away!
The acid dragon bites you! The acid dragon misses you.
The acid dragon attacks as you move away!
The acid dragon bites you!
* * * LOW HITPOINT WARNING * * *
You block the acid dragon's attack.
There is a stone staircase leading up here.
The acid dragon bites you.
* * * LOW HITPOINT WARNING * * *
The acid dragon completely misses you.
You climb upwards.
There is a stone staircase leading down here.
Okay, then.
The acid dragon spits acid at you. The splash of acid hits you!!
You die...

≈#.#≈................###.....#
#...#≈.......................#
.#...#≈###..................##
#≈#...#≈###.......>.........#
≈#≈#.#≈## #..............####
#≈#.#≈#####..............#
.#...#≈..................#
..#...#≈.................##
.#≈#...#≈.....D[s###...#..#
#≈.≈#..≈....>##..# ##.....#
≈...≈#≈.....###..# ###...####
.....≈......# #..# ##.....#
...........## ##.#######.....#
...##.....## #.............#
.####.....# #.........###.# ##
#....## ##......###.##.# ##
#....# #..##...# #.##.##


You could see an acid dragon (catching breath).

Vanquished Creatures
  A hornet (D:7)
  A wyvern (D:7)
  2 water moccasins
  An orc warrior (D:5)
  An ice beast (D:6)
  An ogre (D:6)
  A kobold brigand (Sewer)
  6 scorpions
  6 hounds
  2 jellies
  4 orc priests
  An iguana (D:5)
  2 orc wizards
  2 river rats
  6 adders
  A shadow imp (D:5)
  A white imp (D:6)
  An ufetubus (D:6)
  5 worms
  2 dart slugs
  15 orcs
  8 ball pythons
  2 bats
  10 endoplasms
  3 giant cockroaches
  12 goblins
  6 hobgoblins
  4 jackals (D:2)
  10 kobolds
  2 quokkas
  4 frilled lizards
  7 rats
130 creatures vanquished.

Vanquished Creatures (collateral kills)
  A steam dragon (D:6)
1 creature vanquished.

Grand Total: 131 creatures vanquished

Notes
Turn   | Place    | Note
-------+----------+-------------------------------------------
     0 | D:1      | Wobber the Demonspawn Transmuter began the quest for the
                  | Orb.
     0 | D:1      | Reached XP level 1. HP: 15/15 MP: 3/3
   415 | D:1      | Gained mutation: You are partially covered in yellow
                  | scales. (AC +2) [demonic ancestry]
   415 | D:1      | Reached XP level 2. HP: 21/21 MP: 3/5
   591 | D:1      | Found a faded altar of an unknown god.
  1198 | D:2      | Gained mutation: A meltable shield of frost defends you.
                  | (SH +4) [demonic ancestry]
  1198 | D:2      | Reached XP level 3. HP: 25/26 MP: 6/6
  1205 | D:2      | Learned a level 3 spell: Spider Form
  1210 | D:2      | Found Oman's Antique Weapon Shoppe.
  2127 | D:3      | Found a burning altar of Makhleb.
  2133 | D:3      | Found a hide-covered altar of Uskayaw.
  2137 | D:3      | Found a snail-covered altar of Cheibriados.
  2172 | D:3      | Became a worshipper of Makhleb the Destroyer
  2233 | D:3      | Reached XP level 4. HP: 33/33 MP: 5/7
  2542 | D:3      | Noticed a scorpion
  2560 | D:3      | Killed a scorpion
  2561 | D:3      | Reached skill level 1 in Poison Magic
  2561 | D:3      | Gained mutation: Your touch may inflict minor irresistible
                  | damage on your foes. [demonic ancestry]
  2561 | D:3      | Reached XP level 5. HP: 19/39 MP: 6/9
  2959 | D:4      | Found a shimmering blue altar of Sif Muna.
  3549 | D:4      | Found a hazy altar of Hepliaklqana.
  3571 | D:4      | Found a bloodstained altar of Trog.
  4082 | D:5      | Entered Level 5 of the Dungeon
  4121 | D:5      | Gained mutation: A weak demonic guardian rushes to your
                  | aid. [demonic ancestry]
  4121 | D:5      | Reached XP level 6. HP: 47/47 MP: 8/10
  4147 | D:5      | Reached * piety under Makhleb
  4713 | D:5      | Found a staircase to the Ecumenical Temple.
  4854 | D:5      | Reached XP level 7. HP: 46/52 MP: 9/12
  5340 | D:5      | Identified the +4 short sword of Lokka {flame, *Noise rF++
                  | Int+4 Stlth-}
  5557 | D:6      | Reached skill level 5 in Transmutations
  5557 | D:6      | Gained mutation: You are mostly covered in yellow scales.
                  | (AC +3) [demonic ancestry]
  5557 | D:6      | Reached XP level 8. HP: 56/60 MP: 11/13
  5930 | D:6      | Found a glowing drain.
  5951 | Sewer    | Entered a sewer
  6153 | Sewer    | Reached ** piety under Makhleb
  6154 | Sewer    | Reached skill level 1 in Invocations
  6490 | D:6      | Reached skill level 5 in Poison Magic
  7753 | D:7      | Noticed a hornet
  7763 | D:7      | Killed a hornet
  7767 | D:7      | Gained mutation: A meltable icy envelope protects you from
                  | harm. (AC +4) [demonic ancestry]
  7767 | D:7      | Reached XP level 9. HP: 18/67 MP: 12/15
  8017 | D:6      | Killed from afar by an acid dragon

Illustrated notes

Levels and vault maps discovered:
D:1:      nicolae_arrival_memento_mori, layout_basic,
          shapermc_ecumenical_altar_venn
D:2:      layout_loops_ring, serial_shops, shop
D:3:      layout_basic, minmay_overflow_temple_star_quad
D:4:      layout_basic, lemuel_round_altar, mainiacjoe_overflow_big_doors,
          mainiacjoe_overflow_brackets, nicolae_figureground_pulse
D:5:      layout_gridville, minmay_temple_entry_statues
D:6:      layout_layer_cave, portal_sewer_entry_a, nicolae_water_bricks,
          hangedman_decor_clover_reticule, minmay_misc_feat_more_columns
D:7:      layout_basic

Skill      XL: |  1  2  3  4  5  6  7  8 |
---------------+-------------------------+-----
Dodging        | 2 3 |  3.0
Transmutations | 2 3 4 5 |  5.7
Fighting       | 2 3 4 |  4.9
Poison Magic   | 1 2 3 4 5 |  5.4
Spellcasting   | 3 4 |  4.6
Unarmed Combat | 3 |  3.6
Invocations    | 4 |  4.1

Action                   |  1- 3 |  4- 6 |  7- 9 || total
-------------------------+-------+-------+-------++-------
Melee: Unarmed           |    41 |       |    52 ||    93
       Short sword       |    48 |   114 |    95 ||   257
       Kick              |    17 |    24 |    33 ||    74
       Headbutt          |     9 |    22 |    12 ||    43
       Punch             |     2 |     3 |     2 ||     7
       Touch             |       |    11 |    12 ||    23
 Fire: Sling             |     7 |       |       ||     7
Throw: Stone             |     1 |       |       ||     1
 Cast: Beastly Appendage |    26 |    34 |    21 ||    81
       Spider Form       |       |       |     9 ||     9
Invok: Minor Destruction |       |       |     1 ||     1
  Use: Scroll            |     6 |     4 |     3 ||    13
       Potion            |       |       |     3 ||     3
 Stab: Sleeping          |     1 |     3 |     1 ||     5
Armor: Robe              |    22 |    14 |    17 ||    53
       Skin              |       |       |     1 ||     1
Dodge: Dodged            |    65 |    70 |   137 ||   272
Block: Other             |     3 |    13 |    24 ||    40
